 Dungeon Crawl Stone Soup version 0.27.1-1-g398f81649c (webtiles) character file.

Game seed: 5050917240460147360

51 Borgoz the Skirmisher (level 3, 0/33 HPs)
             Began as a Hill Orc Berserker on Sept 19, 2021.
             Was a Follower of Trog.
             Slain by a quokka (5 damage)
             ... on level 2 of the Dungeon.
             The game lasted 00:01:03 (1310 turns).

Borgoz the Skirmisher (Hill Orc Berserker)          Turns: 1310, Time: 00:01:03

Health: 0/33       AC:  2    Str: 19    XL:     3   Next: 83%
Magic:  3/3        EV: 12    Int:  7    God:    Trog [*.....]
Gold:   34         SH:  0    Dex: 11    Spells: 2/2 levels left

rFire    . . .     SeeInvis .   a - +1 falchion
rCold    . . .     Faith    .   (no shield)
rNeg     . . .     Spirit   .   b - +0 animal skin
rPois    .         Reflect  .   (no helmet)
rElec    .         Harm     .   (no cloak)
rCorr    .         Rampage  .   (no gloves)
Will     .....                  (no boots)
Stlth    +.........             (no amulet)
HPRegen  0.11/turn              (no ring)
MPRegen  0.08/turn              (no ring)

@: no status effects
A: no striking features
a: Renounce Religion, Berserk


You were on level 2 of the Dungeon.
You worshipped Trog.
Trog was aware of your devotion.
You visited 1 branch of the dungeon, and saw 2 of its levels.

You collected 34 gold pieces.

Inventory:

Hand Weapons
 a - a +1 falchion (weapon)
Armour
 b - a +0 animal skin (worn)
Scrolls
 f - a scroll of magic mapping {unknown}
 i - a scroll of blinking {unknown}
Potions
 c - 2 potions of curing {unknown}
 d - 2 potions of magic {unknown}
 e - a potion of degeneration {unknown}
 g - a potion of attraction {unknown}
 h - a potion of haste {unknown}


   Skills:
 + Level 4.2 Fighting
 + Level 3.8 Long Blades
 + Level 2.9 Armour
 + Level 2.1 Dodging


You had 2 spell levels left.
You didn't know any spells.
Your spell library was empty.

Dungeon Overview and Level Annotations

Branches:
Dungeon (2/15)

Altars:


Message History

i - a scroll labelled XETAGU ETOONNO
There is an escape hatch in the ceiling here.
Found 14 stones.
A quokka comes into view.
Found a stone staircase leading down.
A goblin comes into view. It is wielding a +0 club.
The goblin shouts!
The quokka bites you.
The goblin unwields a +0 club.
The goblin wields a +1 hunting sling of flaming.
It bursts into flame!
The goblin shoots a stone.
The stone hits you. The stone burns you.
You closely miss the quokka. The quokka closely misses you.
You riposte.
You hit the quokka.
The quokka is almost dead.
The goblin shoots a stone.
The stone hits you. The stone burns you. The quokka bites you.
You are too injured to fight recklessly!
You are too injured to fight recklessly!
You completely miss the quokka.
The quokka is almost dead.
The quokka bites you.
* * * LOW HITPOINT WARNING * * *
A quokka comes into view.
You closely miss the quokka.
The quokka is almost dead.
The quokka bites you but does no damage.
The goblin unwields a +1 hunting sling of flaming.
It stops flaming.
The goblin wields a +0 club.
The goblin hits you with a +0 club.
* * * LOW HITPOINT WARNING * * *
You closely miss the quokka.
The quokka is almost dead.
The quokka bites you but does no damage.
The quokka closely misses you. The goblin hits you but does no damage.
Okay, then.
Okay, then.
You closely miss the quokka.
The quokka is almost dead.
The quokka bites you.
You die...

.# ### .####
##.. ....# ..>
....# #.(#..#.#
#.......#
.####.grr.#.#
......#@.##.#
#.......###
#.#.......#
#.#.#..##.###
..##..........#
..#..###..###.#
......##..#
..........#
..........#####.


You could see 2 quokkas and a goblin.

Vanquished Creatures
  2 adders (D:2)
  A dart slug (D:1)
  3 ball pythons
  4 bats (D:1)
  2 endoplasms
  A giant cockroach (D:2)
  2 goblins
  3 hobgoblins (D:1)
  2 kobolds (D:1)
  A quokka (D:1)
  4 frilled lizards (D:1)
  5 rats
30 creatures vanquished.

Notes
Turn   | Place    | Note
-------+----------+-------------------------------------------
     0 | D:1      | Borgoz the Hill Orc Berserker began the quest for the Orb.
     0 | D:1      | Reached XP level 1. HP: 19/19 MP: 1/1
   118 | D:1      | Reached XP level 2. HP: 27/27 MP: 2/2
   379 | D:1      | Reached skill level 4 in Fighting
   393 | D:1      | Found a faded altar of an unknown god.
   612 | D:1      | Reached XP level 3. HP: 25/33 MP: 3/3
  1310 | D:2      | Slain by a quokka

Illustrated notes

Levels and vault maps discovered:
D:1:      tarquinn_simple_flora_water_c, layout_basic,
          hellmonk_ecumenical_altar_run_dry, minmay_3d_cube
D:2:      layout_basic, basic_altar

Skill      XL: |  1  2  3 |
---------------+----------+-----
Fighting       | 4 |  4.2
Dodging        | 2 |  2.1
Long Blades    | |  3.8
Armour         | |  2.9

Action                   || total
-------------------------++-------
Melee: Falchion          ||    85
  Use: Scroll            ||     1
 Stab: Sleeping          ||     1
Armor: Animal skin       ||    22
Dodge: Dodged            ||    72
       Rpst.: Falchion   ||    27
